 Dungeon Crawl Stone Soup version 0.26-a0-264-g3a471323bd (webtiles) character file.

Game seed: 8827539044964320650

193 BritishOli the Skirmisher (level 5, 0/42 HPs)
             Began as a Demonspawn Fighter on July 11, 2020.
             Slain by Edmund
             ... wielding a +5 vorpal flail
              (1 damage)
             ... on level 4 of the Dungeon.
             The game lasted 00:02:40 (3094 turns).

BritishOli the Skirmisher (Demonspawn Fighter)      Turns: 3094, Time: 00:02:40

Health: 0/42       AC:  6    Str: 18    XL:     5   Next: 43%
Magic:  5/5        EV:  7    Int:  9    God:
Gold:   92         SH:  9    Dex: 12    Spells: 4/4 levels left

rFire    . . .     SeeInvis .   a - +0 long sword
rCold    . . .     Faith    .   c - +0 kite shield
rNeg     . . .     Spirit   .   b - +0 scale mail
rPois    +         Reflect  .   (no helmet)
rElec    .         Harm     .   (no cloak)
rCorr    .                      (no gloves)
MR       +....                  (no boots)
Stlth    ..........             (no amulet)
HPRegen  0.14/turn              q - ring of protection from magic
MPRegen  0.09/turn              r - ring of poison resistance

@: no status effects
A: rot immunity
a: no special abilities


You were on level 4 of the Dungeon.
You were not hungry.

You visited 1 branch of the dungeon, and saw 4 of its levels.

You collected 92 gold pieces.

Inventory:

Hand Weapons
 a - a +0 long sword (weapon)
Armour
 b - a +0 scale mail (worn)
 c - a +0 kite shield (worn)
Jewellery
 q - a ring of protection from magic (left hand)
 r - a ring of poison resistance (right hand)
Scrolls
 e - a scroll of enchant armour {unknown}
 g - 2 scrolls of fog {unknown}
 i - 3 scrolls of remove curse {unknown}
 k - 4 scrolls of identify {unknown}
 m - a scroll of random uselessness {unknown}
 n - 2 scrolls of magic mapping {unknown}
 o - a scroll of fear {unknown}
 t - 2 scrolls of enchant weapon {unknown}
Potions
 d - 2 potions of might
 h - a potion of degeneration {unknown}
 j - 3 potions of heal wounds {unknown}
 l - a potion of flight {unknown}
 p - 2 potions of curing {unknown}
 s - 2 potions of stabbing {unknown}
 u - 2 potions of mutation {unknown}
Comestibles
 f - 6 rations


   Skills:
 + Level 4.0 Fighting
 + Level 2.9 Long Blades
 + Level 3.6 Armour
 + Level 3.6 Shields


You had 4 spell levels left.
You didn't know any spells.
Your spell library was empty.

Dungeon Overview and Level Annotations

Branches:
Dungeon (4/15)
 Temple: D:4-7

Altars:
Makhleb
Nemelex Xobeh
Qazlal
Uskayaw

Annotations:
D:4 Edmund


Innate Abilities, Weirdness & Mutations

You are immune to rotting.


Message History

Edmund hits you with a +5 vorpal flail!
* * * LOW HITPOINT WARNING * * *
x2 You hit Edmund.
Edmund is lightly wounded.
You block Edmund's attack.
You hit Edmund.
Edmund is moderately wounded.
You block Edmund's attack.
You hit Edmund.
Edmund is moderately wounded.
You block Edmund's attack.
You closely miss Edmund.
Edmund is moderately wounded.
You block Edmund's attack.
You slash Edmund!
Edmund is heavily wounded.
Edmund says, "People think my brother is the best.
I think he's crazy."
Edmund hits you with a +5 vorpal flail.
* * * LOW HITPOINT WARNING * * *
You die...

###### ##....# ##
#.....# #..
#.....#####...
##...###......
###########....))†......
.......@@......)###<....
......########### #.....
...## ...... # #....##
#...## ..### ##. #.


You could see Edmund.

Vanquished Creatures
  An orc wizard (D:4)
  An orc priest (D:3)
  A gnoll (D:2)
  5 adders
  A worm (D:2)
  2 dart slugs
  A leopard gecko (D:3)
  6 orcs
  3 bats
  2 giant cockroaches
  7 goblins
  10 hobgoblins
  9 jackals
  A quokka (D:2)
  2 ball pythons
  2 frilled lizards (D:1)
  3 kobolds
  10 rats
67 creatures vanquished.

Notes
Turn   | Place    | Note
-------+----------+-------------------------------------------
     0 | D:1      | BritishOli the Demonspawn Fighter began the quest for the
                  | Orb.
     0 | D:1      | Reached XP level 1. HP: 18/18 MP: 1/1
   288 | D:1      | Gained mutation: You are immune to rotting. [demonic
                  | ancestry]
   288 | D:1      | Reached XP level 2. HP: 24/24 MP: 2/2
  1189 | D:2      | Found a sparkling altar of Nemelex Xobeh.
  1189 | D:2      | Found a faded altar of an unknown god.
  1195 | D:2      | Found a stormy altar of Qazlal.
  1197 | D:2      | Found a hide-covered altar of Uskayaw.
  1199 | D:2      | Found a burning altar of Makhleb.
  1232 | D:2      | Reached XP level 3. HP: 29/29 MP: 3/3
  1923 | D:3      | Reached XP level 4. HP: 35/35 MP: 4/4
  2470 | D:3      | Reached XP level 5. HP: 12/42 MP: 5/5
  3039 | D:4      | Noticed Edmund
  3070 | D:4      | Reached skill level 4 in Fighting
  3094 | D:4      | HP: 1/42 [Edmund/+5 vorpal flail (6)]
  3094 | D:4      | Slain by Edmund

Illustrated notes

Levels and vault maps discovered:
D:1:      dpeg_arrival_erosion, layout_basic
D:2:      layout_rooms, chequers_temple_overflow_minitemple,
          cheibrodos_gnoll_hut
D:3:      layout_basic, first_ration
D:4:      layout_cave_pods, minmay_temple_entry_glass,
          nicolae_ossuary_entry_plus, uniq_edmund, uniq_robin, uniq_eustachio

Skill      XL: |  1  2  3  4  5 |
---------------+----------------+-----
Long Blades    | 2 |  2.9
Shields        | 3 |  3.6
Armour         | 3 |  3.6
Fighting       | 4 |  4.0

Action                   |  1- 3 |  4- 6 || total
-------------------------+-------+-------++-------
Melee: Long sword        |   133 |    97 ||   230
  Eat: Ration            |     1 |     1 ||     2
Armor: Scale mail        |    71 |    49 ||   120
Dodge: Dodged            |    45 |    32 ||    77
Block: Kite shield       |    66 |    73 ||   139
       Rpst.: Long sword |    12 |    10 ||    22

Table legend:
 A = Non-vault XP
 B = Vault XP
 C = Vault XP percentage of total XP
 D = Non-vault monster count
 E = Vault monster count
 F = Vault count percentage of total count
                 A         B        C        D         E       F
            +---------+---------+-------+---------+---------+-------
      Total |     257 |      19 |   6.9 |      64 |       3 |   4.5
            +---------+---------+-------+---------+---------+-------
        D:1 |      39 |       0 |   0.0 |      23 |       0 |   0.0
        D:2 |      32 |      19 |  37.3 |      10 |       3 |  23.1
        D:3 |     112 |       0 |   0.0 |      21 |       0 |   0.0
        D:4 |      74 |       0 |   0.0 |      10 |       0 |   0.0
            +---------+---------+-------+---------+---------+-------
